Map: Magannatha LE

Players

KimChiLoVer - Winner!

  • Race: Terran Terran
  • League: Diamond
  • Spawn Location: 5:00

VOD

Have the link to the VOD?

Description

Time

  • Played on: Oct. 26, 2025, 11:13 p.m.
  • Length: 8:51
Show
View Real Time Build Order
Export as new Build Order

KimChiLoVer Terran - Winner!

Build Orders: Reaper Expand, Hellion Banshee 

Get SALT Encoding   

  12  0:03  SCV  
  12  0:15  SCV  
  12  0:19  Supply Depot  
  12  0:27  SCV  
  12  0:40  SCV  
  12  0:42  Barracks  
  12  0:45  Refinery  
  12  0:52  SCV  
  12  1:04  SCV  
  12  1:17  SCV  
  12  1:32  Orbital Command  
  12  1:34  Reaper  
  12  1:41  Command Center  
  12  1:50  Supply Depot  
  12  1:59  SCV  
  12  2:08  Marine, Factory  
  12  2:11  SCV  
  12  2:25  Refinery  
  12  2:27  Barracks Reactor  
  12  2:34  SCV  
  12  2:46  SCV  
  12  2:56  Starport  
  12  3:01  Orbital Command  
  12  3:03  SCV  
  12  3:14  Barracks Tech Lab  
  12  3:15  SCV  
  12  3:16  Hellion x2  
  12  3:24  Supply Depot  
  12  3:27  SCV  
  12  3:28  SCV  
  12  3:38  Hellion x2  
  12  3:40  Banshee, SCV x2  
  12  3:41  Cloaking Field  
  12  3:42  Marine  
  12  3:49  Supply Depot  
  12  3:52  SCV x2  
  12  3:59  Hellion x2  
  12  4:03  Barracks Tech Lab  
  12  4:04  SCV  
  12  4:10  SCV  
  12  4:16  SCV  
  12  4:19  Command Center  
  12  4:23  Stimpack  
  12  4:27  Banshee  
  12  4:36  Barracks  
  12  4:39  Factory Reactor, Barracks  
  12  4:46  SCV  
  12  4:51  Engineering Bay  
  12  4:52  Engineering Bay  
  12  4:54  SCV  
  12  4:58  Refinery, SCV  
  12  4:59  Refinery  
  12  5:06  SCV  
  12  5:10  SCV  
  12  5:18  SCV  
  12  5:19  Starport Reactor  
  12  5:27  Marine  
  12  5:30  Marine, SCV, Siege Tank  
  12  5:34  Barracks  
  12  5:35  Supply Depot  
  12  5:36  Supply Depot  
  12  5:41  Barracks  
  12  5:44  Orbital Command  
  12  5:48  Terran Infantry Armor Level 1, Terran Infantry Weapons Level 1  
  12  5:51  Supply Depot  
  12  5:56  Supply Depot  
  12  5:58  SCV x2, Supply Depot  
  12  6:03  Siege Tank  
  12  6:04  Marine x3  
  12  6:07  Combat Shield  
  12  6:12  Medivac  
  12  6:17  Marine x2  
  12  6:21  Marine x2  
  12  6:23  SCV x3  
  12  6:31  Marine x3  
  12  6:35  Marine x2  
  12  6:43  Supply Depot  
  12  6:45  Marine x2  
  12  6:46  Supply Depot  
  12  6:49  Barracks Reactor  
  12  6:50  Barracks Reactor  
  12  6:51  Marine  
  12  6:52  Marine  
  12  6:53  Marine  
  12  6:55  Medivac  
  12  6:57  Medivac  
  12  6:58  SCV  
  12  6:59  SCV  
  12  7:03  Marine x2  
  12  7:04  Siege Tank  
  12  7:08  Orbital Command  
  12  7:09  Marine  
  12  7:10  Marine  
  12  7:16  SCV  
  12  7:17  SCV  
  12  7:23  Supply Depot  
  12  7:24  Supply Depot  
  12  7:27  Marine x6  
  12  7:28  Marine x3  
  12  7:29  SCV x2  
  12  7:30  Supply Depot  
  12  7:40  Armory  
  12  7:41  SCV x2  
  12  7:45  Marine x4, Medivac  
  12  7:47  SCV  
  12  7:53  SCV x2  
  12  7:56  Marine x5  
  12  7:58  Medivac  
  12  8:00  SCV  
  12  8:05  SCV  
  12  8:11  Supply Depot x2  
  12  8:14  Marine x7, Supply Depot  
  12  8:17  Supply Depot  
  12  8:18  Medivac  
  12  8:23  Supply Depot  
  12  8:30  SCV  
  12  8:31  SCV  
  12  8:35  Refinery  
  12  8:37  Refinery  
  12  8:40  Supply Depot  
Tags
 
Add a new tag
Caveats
  • Supply blocks, unpowered buildings, or Contaminate may cause inaccurate times.
  • Supply counts are checked every 10 seconds.